 Dungeon Crawl Stone Soup version 0.23.2-1-ga50397a (webtiles) character file.

Game seed: 6907950969991145845

2792 Borgoz the Cleaver (level 9, -2/79 HPs)
             Began as a Hill Orc Gladiator on May 15, 2019.
             Was a Follower of Okawaru.
             Slain by an orc warrior
             ... wielding a +0 glaive
              (24 damage)
             ... on level 9 of the Dungeon.
             The game lasted 00:13:37 (7298 turns).

Borgoz the Cleaver (Hill Orc Gladiator)             Turns: 7298, Time: 00:13:37

Health: -2/79      AC: 12    Str: 17    XL:     9   Next: 71%
Magic:  9/9        EV: 15    Int:  8    God:    Okawaru [*.....]
Gold:   628        SH:  0    Dex: 15    Spells: 8/8 levels left

rFire    . . .     SeeInvis .   I - +2 battleaxe (flame)
rCold    . . .     Gourm    .   (shield currently unavailable)
rNeg     . . .     Faith    .   l - +0 ring mail
rPois    +         Spirit   .   c - +0 helmet
rElec    .         Reflect  .   y - +2 cloak
rCorr    .         Harm     .   G - +0 pair of gloves
MR       +....                  (no boots)
Stlth    +.........             (no amulet)
HPRegen  0.23/turn              o - ring of protection from magic
MPRegen  0.11/turn              t - ring of poison resistance

@: no status effects
A: no striking features
a: Heroism, Renounce Religion


You were on level 9 of the Dungeon.
You worshipped Okawaru.
Okawaru was aware of your devotion.
You were not hungry.

You visited 2 branches of the dungeon, and saw 10 of its levels.

You collected 628 gold pieces.

Inventory:

Hand Weapons
 a - a +0 war axe
 I - a +2 battleaxe of flaming (weapon)
Missiles
 E - 2 throwing nets (quivered)
Armour
 c - a +0 helmet (worn)
 l - a +0 ring mail (worn)
 y - a +2 cloak (worn)
 G - a +0 pair of gloves (worn)
Jewellery
 k - an uncursed ring of stealth
 o - a ring of protection from magic (left hand)
 t - a ring of poison resistance (right hand)
 C - an uncursed ring of fire
Wands
 i - a wand of iceblast (8)
Scrolls
 d - a scroll of vulnerability {unknown}
 e - a scroll of summoning {unknown}
 g - a scroll of fog {unknown}
 h - a scroll of fear
 n - 3 scrolls of blinking
 p - 5 scrolls of amnesia
 v - 3 scrolls of enchant armour
 w - 2 scrolls of silence {unknown}
 x - 4 scrolls of enchant weapon
 z - a scroll of random uselessness {unknown}
 D - a scroll of remove curse
Potions
 b - a potion of curing
 j - 2 potions of lignification
 r - a potion of magic
 s - 2 potions of flight
 u - 2 potions of haste
 B - a potion of cancellation
 F - 2 potions of invisibility {unknown}
 H - a potion of brilliance {unknown}
Comestibles
 f - 13 rations
 A - a chunk of flesh


   Skills:
 + Level 7.3 Fighting
 + Level 8.6 Axes
 - Level 1.7 Throwing
 + Level 6.2 Armour
 * Level 7.3 Dodging


You had 8 spell levels left.
You didn't know any spells.
Your spell library contained the following spells:

 Spells                   Type           Power        Failure   Level  Hunger
 Beastly Appendage        Tmut           #.....       58%         1    ##.....
 Corona                   Hex            #......      58%         1    ##.....
 Magic Dart               Conj           #...         58%         1    ##.....
 Ensorcelled Hibernation  Hex/Ice        #.....       73%         2    ###....
 Searing Ray              Conj           #.....       73%         2    ###....
 Sticks to Snakes         Tmut           #.......     73%         2    ###....
 Confuse                  Hex            #.......     91%         3    ####...
 Dazzling Spray           Conj/Hex       #.....       91%         3    ####...
 Spider Form              Tmut/Pois      #.........   91%         3    ####...
 Tukima's Dance           Hex            #.......     91%         3    ####...
 Force Lance              Conj/Tloc      #.......     100%        4    #####..
 Fulminant Prism          Conj/Hex       #.........   100%        4    #####..
 Ice Form                 Ice/Tmut       #.......     100%        4    #####..
 Iskenderun's Mystic Bla  Conj           #.......     100%        4    #####..
 Blade Hands              Tmut           #.........   100%        5    ######.


Dungeon Overview and Level Annotations

Branches:
Dungeon (9/15)             Temple (1/1) D:5
   Lair: D:8-11         Orc: D:9-12

Altars:
Ashenzari
Cheibriados
Dithmenos
Elyvilon
Fedhas
Gozag
Hepliaklqana
Kikubaaqudgha
Makhleb
Nemelex Xobeh
Okawaru
Qazlal
Ru
Sif Muna
Trog
Uskayaw
Vehumet
Wu Jian
Xom
Yredelemnul
Zin
The Shining One
Beogh

Shops:
D:8 %


Message History

The orc warrior hits you but does no damage.
The orc warrior hits you with a +0 glaive.
You bump into the rock wall.
The orc warrior hits you from afar with a +0 glaive!!
* * * LOW HITPOINT WARNING * * *
You bump into the rock wall.
The orc warrior barely misses you.
The orc warrior hits you from afar with a +0 glaive!
* * * LOW HITPOINT WARNING * * *
You feel much better.
The orc warrior hits you with a +0 glaive!!
* * * LOW HITPOINT WARNING * * *
The orc warrior hits you from afar with a +0 glaive.
* * * LOW HITPOINT WARNING * * *
Okay, then.
You're too confused!
You're too confused!
You feel better.
You feel less invigorated. The orc warrior closely misses you.
You feel better.
The orc warrior hits you from afar with a +0 glaive!!
You die...

### #.# #.# #.# #####
#.# ##...## #.#
##.###.## ##.# ##.##
##.##
######..####)#######.#
#..............o.# #.#
#.##.#...###.###@###.#
#.#...# ##.##.##.##
#...... #.#o#.##
.......######ooo##
##.##..# #.......# #.
...# #.###.### ## #.##
# ##...# #.#.## o
#.#.#


.oo You could see 3 orc warriors and 2 orcs.

Vanquished Creatures
  A hungry ghost (D:8)
  2 orc warriors
  An ice beast (D:6)
  5 sky beasts
  A phantom (D:4)
  2 centaurs (D:5)
  3 ogres
  A big kobold (D:9)
  2 bullfrogs
  A water moccasin skeleton (D:8)
  3 wights (D:6)
  2 howler monkeys
  4 crimson imps
  4 jellies
  2 hounds
  2 orc wizards (D:3)
  A bullfrog skeleton (D:7)
  4 iguanas
  2 worker ants
  Natasha (thrice) (D:4)
  A hound skeleton (D:7)
  A howler monkey zombie (D:5)
  9 gnolls
  2 howler monkey skeletons
  11 adders
  An ooze (D:2)
  An adder zombie (D:5)
  6 worms
  2 dart slugs (D:1)
  9 leopard geckos
  14 orcs
  6 bats
  5 giant cockroaches
  5 goblins
  4 hobgoblins
  19 jackals
  2 quokkas
  2 ball pythons
  A frilled lizard (D:2)
  A jackal skeleton (D:7)
  9 kobolds
  A leopard gecko zombie (D:7)
  7 rats
165 creatures vanquished.

Notes
Turn   | Place    | Note
-------+----------+-------------------------------------------
     0 | D:1      | Borgoz the Hill Orc Gladiator began the quest for the Orb.
     0 | D:1      | Reached XP level 1. HP: 18/18 MP: 1/1
   140 | D:1      | Reached XP level 2. HP: 25/25 MP: 2/2
   466 | D:1      | Reached skill level 1 in Armour
   468 | D:1      | Reached XP level 3. HP: 25/30 MP: 3/3
   627 | D:2      | Reached XP level 4. HP: 17/38 MP: 4/4
  1428 | D:2      | Reached XP level 5. HP: 45/45 MP: 5/5
  1823 | D:3      | Reached skill level 5 in Axes
  1992 | D:3      | Reached XP level 6. HP: 25/52 MP: 6/6
  2223 | D:3      | Found an ornate altar of the Wu Jian Council.
  2223 | D:3      | Found a glowing silver altar of Zin.
  2353 | D:4      | Noticed a sky beast
  2365 | D:4      | Killed a sky beast
  2375 | D:4      | Reached XP level 7. HP: 35/60 MP: 7/7
  2404 | D:4      | Reached skill level 6 in Axes
  2564 | D:4      | Noticed Natasha
  2573 | D:4      | Killed Natasha
  2710 | D:4      | You fall through a shaft for 3 floors!
  2837 | D:6      | Reached skill level 5 in Fighting
  2837 | D:6      | Reached skill level 5 in Dodging
  2888 | D:5      | Entered Level 5 of the Dungeon
  3176 | D:5      | Reached XP level 8. HP: 51/68 MP: 8/8
  3353 | D:5      | Reached skill level 7 in Axes
  3985 | D:5      | Found a staircase to the Ecumenical Temple.
  4024 | Temple   | Entered the Ecumenical Temple
  4053 | Temple   | Became a worshipper of Warmaster Okawaru
  4421 | D:4      | Noticed Natasha
  4427 | D:4      | Killed Natasha
  4563 | D:4      | Noticed Natasha
  4571 | D:4      | Killed Natasha
  4671 | D:3      | Found a white marble altar of Elyvilon.
  4752 | D:5      | Reached skill level 5 in Armour
  5003 | D:6      | Reached XP level 9. HP: 28/75 MP: 9/9
  5405 | D:6      | Reached skill level 8 in Axes
  5410 | D:6      | Reached * piety under Okawaru
  5414 | D:6      | Found a shimmering altar of Xom.
  5450 | D:6      | Found a burning altar of Makhleb.
  5452 | D:6      | Noticed a blizzard demon
  6645 | D:8      | Found a shadowy altar of Dithmenos.
  6863 | D:8      | Found Okhlajupt's Food Emporium.
  7263 | D:9      | Found a roughly hewn altar of Beogh.
  7295 | D:9      | HP: 3/79 [orc warrior/+0 glaive (12)]
  7296 | D:9      | HP: 1/79 [orc warrior/+0 glaive (5)]
  7298 | D:9      | Slain by an orc warrior

Skill      XL: |  1  2  3  4  5  6  7  8  9 |
---------------+----------------------------+-----
Armour         | 1 2 3 4 5 6 |  6.2
Fighting       | 3 4 5 6 7 |  7.3
Dodging        | 3 4 5 6 7 |  7.3
Axes           | 5 6 7 8 |  8.6
Throwing       | |  1.7

Action                   |  1- 3 |  4- 6 |  7- 9 || total
-------------------------+-------+-------+-------++-------
Melee: War axe           |    71 |   170 |   406 ||   647
       Battleaxe         |       |       |     6 ||     6
Throw: Throwing net      |     2 |       |     2 ||     4
Evoke: Wand              |       |       |     5 ||     5
  Use: Scroll            |       |    10 |     7 ||    17
       Potion            |       |     1 |     7 ||     8
 Stab: Held in net/web   |       |       |     1 ||     1
  Eat: Chunk             |       |     5 |    14 ||    19
       Ration            |       |       |     1 ||     1
Armor: Leather armour    |    40 |       |       ||    40
       Ring mail         |       |    46 |   124 ||   170
       Plate armour      |       |    41 |       ||    41
       Skin              |       |    20 |       ||    20
Dodge: Dodged            |    86 |   107 |   276 ||   469
